 Dungeon Crawl Stone Soup version 0.27.1-33-g824d729ab1 (webtiles) character file.

Game seed: 6506972218598588592

70 belegose the Skirmisher (level 4, -2/40 HPs)
             Began as a Djinni Abyssal Knight on Dec 30, 2021.
             Was a Follower of Lugonu.
             Killed by nerve-wracking pain
             ... invoked by a shadow imp
             ... summoned by Natasha
              (8 damage)
             ... on level 2 of the Dungeon.
             The game lasted 00:03:58 (2170 turns).

belegose the Skirmisher (Djinni Abyssal Knight)     Turns: 2170, Time: 00:04:00

Health: -2/40      AC:  6    Str: 12    XL:     4   Next: 45%
Gold:   128        EV: 11    Int: 17    God:    Lugonu [*.....] SH:  3 Dex: 13

rFire    + + .     SeeInvis .   a - +1 falchion
rCold    x . .     Faith    .   n - +0 buckler
rNeg     . . .     Spirit   .   c - +3 leather armour "Unoipt" {rPois Int+4}
rPois    ∞         Reflect  .   (no helmet)
rElec    .         Harm     .   (no cloak)
rCorr    .         Rampage  .   (no gloves)
Will     .....                  (boots unavailable)
Stlth    +.........             (no amulet)
HPRegen  0.13/turn              (no ring)
MPRegen  0.00/turn              (no ring)

@: mighty, attractive, flying, slowed, very slow
A: sickness immunity, fire resistance 2, cold vulnerability 1, float, innate
caster, hp casting, extra vitality 1, robust 1
a: Renounce Religion, Depart the Abyss


You were on level 2 of the Dungeon.
You worshipped Lugonu.
Lugonu was aware of your devotion.
You visited 1 branch of the dungeon, and saw 2 of its levels.
You visited the Abyss 1 time.

You collected 128 gold pieces.

Inventory:

Hand Weapons
 a - a +1 falchion (weapon)
 b - a +1 short sword of holy wrath
Missiles
 d - 78 stones
Armour
 c - the +3 leather armour "Unoipt" (worn) {rPois Int+4}
   (You found it on level 2 of the Abyss)

   Int:       It affects your intelligence (+4).
   rPois:     It protects you from poison.
 n - a +0 buckler (worn)
Scrolls
 g - a scroll of noise {unknown}
 i - a scroll of torment {unknown}
 j - a scroll of brand weapon {unknown}
 k - a scroll of teleportation {unknown}
 m - a scroll of enchant weapon {unknown}


   Skills:
 + Level 3.6 Fighting
 + Level 2.6 Long Blades
 - Level 1.0 Armour
 - Level 2.1 Dodging
 + Level 0.6 Shields
 + Level 2.8 Invocations


You had 2 spell levels left.
You knew the following spells:

 Your Spells              Type           Power      Damage    Failure   Level
a - Corona                Hex            0%         N/A       43%         1
Your spell library was empty.

Dungeon Overview and Level Annotations

Branches:
Dungeon (2/15)

Altars:

Annotations:
D:2 Natasha


Innate Abilities, Weirdness & Mutations

You are immune to sickness and miasma.
You are immune to poison.
Your flesh is very heat resistant. (rF++)
You are vulnerable to cold. (rC-)
You float through the air rather than walking.
You learn spells naturally, not from books.
Your magical power is your life essence.
You have superior vitality. (+4 HP)
You are robust. (+10% HP)


Message History

You hit Natasha.
Natasha is moderately wounded.
The shadow imp hits you. Natasha claws you. The shadow imp hits you.
Unknown command.
It was a potion of mutation.
You feel extremely strange.
You feel robust. Natasha casts a spell at you.
You feel yourself slow down.
The shadow imp hits you but does no damage.
It was a potion of attraction.
You feel attractive to monsters. Natasha claws you.
* * * LOW HITPOINT WARNING * * *
The shadow imp closely misses you. Natasha claws you.
* * * LOW HITPOINT WARNING * * *
It was a potion of might.
You feel very mighty all of a sudden. The shadow imp closely misses you.
Natasha barely misses you. The shadow imp closely misses you.
You aren't carrying any potions.
Okay, then.
You closely miss Natasha.
Natasha is moderately wounded.
Natasha closely misses you. You block the shadow imp's attack.
Natasha claws you but does no damage. The shadow imp hits you.
* * * LOW HITPOINT WARNING * * *
Unknown command.
You barely miss Natasha.
Natasha is moderately wounded.
Natasha claws you but does no damage. The shadow imp barely misses you.
Natasha completely misses you.
You riposte.
You slash Natasha!
Natasha is almost dead.
You closely miss Natasha.
Natasha is almost dead.
The shadow imp barely misses you.
You riposte.
You hit the shadow imp.
The shadow imp is heavily wounded.
Natasha closely misses you. The shadow imp gestures at you.
Pain shoots through your body!
You die...

#..####.####### #.........# ....#
#.# #.........#
###.###.############'####.#
#..##..........# #.# #.#
####.##.########.###.####.#######
............................)....
#.###.#.########.###.####<#######
...........# #h# #.# #.#
.....#..#### #@# #.# #.#
.....#..########5###.####.##
...........................
........###...##.##.#####.#
......#># #...##.##'#####.#
......### #...##..........#
......# ######..........######.
......# ### #.................
......#####.####.##'#####.######.


You could see Natasha and a shadow imp (summoned).

Vanquished Creatures
  2 adders (D:2)
  A worm (D:2)
  6 dart slugs (D:1)
  5 bats
  3 endoplasms
  2 giant cockroaches
  4 goblins
  A quokka (D:1)
  5 ball pythons
  2 frilled lizards
  6 kobolds
  3 rats
40 creatures vanquished.

Notes
Turn   | Place    | Note
-------+----------+-------------------------------------------
     0 | Abyss:1  | belegose the Djinni Abyssal Knight began the quest for the
                  | Orb.
     0 | Abyss:1  | Reached XP level 1. HP: 20/20 MP: 0/0
    14 | Abyss:2  | Identified the +3 leather armour "Unoipt" {rPois Int+4}
    26 | Abyss:2  | Noticed a thrashing horror
    28 | D:1      | Escaped the Abyss
   195 | D:1      | Reached XP level 2. HP: 23/25 MP: 0/0
   230 | D:1      | Reached * piety under Lugonu
   332 | D:1      | Found a faded altar of an unknown god.
   572 | D:1      | Reached XP level 3. HP: 27/30 MP: 0/0
   572 | D:1      | Learned a level 1 spell: Corona
  1653 | D:2      | Reached XP level 4. HP: 20/35 MP: 0/0
  2158 | D:2      | Noticed Natasha
  2165 | D:2      | Gained mutation: You are robust. (+10% HP) [potion of
                  | mutation]
  2170 | D:2      | Killed from afar by a shadow imp

Illustrated notes

Levels and vault maps discovered:
D:1:      minmay_arrival_open_corners, layout_loops_ring,
          shapermc_ecumenical_altar_hornbeckon
D:2:      layout_basic, uniq_natasha

Skill      XL: |  1 |
---------------+----+-----
Long Blades    | 2 |  2.6
Invocations    | 2 |  2.8
Fighting       | |  3.6
Armour         | |  1.0
Dodging        | |  2.1
Shields        | |  0.6

Action                   |  1- 3 |  4- 6 || total
-------------------------+-------+-------++-------
Melee: Falchion          |   102 |    38 ||   140
Invok: Depart the Abyss  |     1 |       ||     1
  Use: Potion            |       |     4 ||     4
 Stab: Sleeping          |     1 |       ||     1
Armor: Leather armour    |    34 |    16 ||    50
       Skin              |       |     6 ||     6
Dodge: Dodged            |    54 |    22 ||    76
Block: Buckler           |       |     6 ||     6
       Rpst.: Falchion   |    19 |     7 ||    26
